 Dungeon Crawl Stone Soup version 0.26-b1-32-g5d43845318 (webtiles) character file.

Game seed: 2771441571673854826

4897 Arum the Fighter (level 10, -6/85 HPs)
             Began as a Formicid Fighter on Jan 9, 2021.
             Was a Priest of Makhleb.
             Mangled by a six-headed hydra (13 damage)
             ... on level 11 of the Dungeon.
             The game lasted 00:12:53 (7985 turns).

Arum the Fighter (Formicid Fighter)                 Turns: 7985, Time: 00:12:53

Health: -6/85      AC:  7    Str: 22    XL:     10   Next: 80%
Magic:  11/11      EV: 10    Int:  8    God:    Makhleb [***...]
Gold:   320        SH: 11    Dex: 12    Spells: 9/9 levels left

rFire    + . .     SeeInvis +   i - +4 hand axe
rCold    + . .     Faith    .   c - +0 kite shield
rNeg     . . .     Spirit   .   b - +0 scale mail
rPois    .         Reflect  .   (helmet unavailable)
rElec    .         Harm     .   E - scarf {rC+ rF+}
rCorr    .         Rampage  .   (no gloves)
Will     +....                  (no boots)
Stlth    ..........             (no amulet)
HPRegen  0.24/turn              (no ring)
MPRegen  0.12/turn              (no ring)

@: no status effects
A: permanent stasis, dig shafts and tunnels, four strong arms, antennae 3
a: Dig, Shaft Self, Renounce Religion, Minor Destruction, Lesser Servant of
Makhleb


You were on level 11 of the Dungeon.
You worshipped Makhleb.
Makhleb was most pleased with you.
You visited 2 branches of the dungeon, and saw 10 of its levels.
You also visited: Sewer and Ossuary.

You collected 320 gold pieces.

Inventory:

Hand Weapons
 a - a +0 war axe
 i - a +4 hand axe (weapon)
 B - a +1 war axe of electrocution
Missiles
 n - 3 throwing nets
 C - 7 javelins
Armour
 b - a +0 scale mail (worn)
 c - a +0 kite shield (worn)
 E - a scarf of resistance (worn)
Jewellery
 F - a +4 ring of slaying {unknown}
Wands
 k - a wand of random effects (10)
 z - a wand of acid (14)
 D - a wand of polymorph (8)
Scrolls
 e - 3 scrolls of enchant armour {unknown}
 f - 4 scrolls of fear {unknown}
 h - 12 scrolls of identify {unknown}
 j - 4 scrolls of remove curse
 l - 2 scrolls of amnesia {unknown}
 v - a scroll of enchant weapon {unknown}
 w - a scroll of brand weapon {unknown}
 y - 2 scrolls of fog {unknown}
Potions
 d - 2 potions of might
 g - 5 potions of flight {unknown}
 m - 4 potions of heal wounds {unknown}
 o - 3 potions of cancellation {unknown}
 p - 2 potions of mutation {unknown}
 q - 4 potions of brilliance {unknown}
 r - 7 potions of curing
 s - a potion of ambrosia {unknown}
 t - 2 potions of degeneration {unknown}
 x - a potion of invisibility {unknown}
 A - 3 potions of magic {unknown}


   Skills:
 + Level 9.8 Fighting
 + Level 9.6 Axes
 + Level 5.5 Armour
 - Level 1.1 Dodging
 - Level 0.2 Stealth
 - Level 9.0 Shields
 + Level 2.3 Invocations


You had 9 spell levels left.
You didn't know any spells.
Your spell library contained the following spells:

 Spells                   Type           Power        Failure   Level
 Corona                   Hex            0%           71%         1
 Slow                     Hex            0%           85%         2
 Sublimation of Blood     Necr           0%           85%         2
 Inner Flame              Hex/Fire       0%           97%         3
 Portal Projectile        Hex/Tloc       0%           97%         3
 Stone Arrow              Conj/Erth      0%           97%         3
 Cause Fear               Hex            0%           100%        4
 Leda's Liquefaction      Hex/Erth       0%           100%        4
 Freezing Cloud           Conj/Ice/Air   0%           100%        6
 Simulacrum               Ice/Necr       0%           100%        6


Dungeon Overview and Level Annotations

Branches:
Dungeon (8/15)             Temple (1/1) D:4           Sewer (visited)
Ossuary (visited)
   Lair: D:8-11

Altars:
Cheibriados
Elyvilon
Fedhas
Gozag
Hepliaklqana
Kikubaaqudgha
Makhleb
Nemelex Xobeh
Okawaru
Qazlal
Sif Muna
Trog
Uskayaw
Vehumet
Wu Jian
Xom
Yredelemnul
Zin
The Shining One

Annotations:
D:3 3 runed translucent doors, tv1990's ghost, amateur FoMo


Innate Abilities, Weirdness & Mutations

You cannot be hasted, slowed, berserked, paralysed or teleported.
You can dig through walls and to a lower floor.
Your four strong arms can wield two-handed weapons with a shield.
You have a pair of large antennae on your head. (SInv)


Message History

The six-headed hydra bites you but does no damage.
You block the six-headed hydra's attack.
The six-headed hydra bites you but does no damage.
The six-headed hydra barely misses you.
The centaur shoots an arrow.
The arrow closely misses you. The water moccasin closely misses you.
The centaur shoots an arrow.
The arrow hits you!
* * * LOW HITPOINT WARNING * * *
You see here an arrow.
The water moccasin misses you. The water moccasin bites you.
* * * LOW HITPOINT WARNING * * *
You are lethally poisoned!
The water moccasin poisons you!
Unknown command.
Unknown command.
You feel better.
The centaur unwields a +0 shortbow.
The centaur hits you!
* * * LOW HITPOINT WARNING * * *
You feel better. The six-headed hydra bites you!
You die...

################.#######
...........).........)..
...........))(..........
...c......()).(.........
###############(...>....
# #.(....... #
#..)......
###############S........
.....(.((.(4(ccD@.......
..............(.c..(<...
####################....
.... ...


You could see a six-headed hydra, a hellwing (summoned), a water moccasin and 3
centaurs.

Vanquished Creatures
  Pikel (D:5)
  A moth of wrath (D:7)
  A kobold demonologist (D:11)
  Grinder (D:6)
  Sigmund (D:5)
  Menkaure (D:5)
  2 orc warriors
  2 ice beasts
  A hornet zombie (D:7)
  2 phantoms
  2 ogres
  A centaur (D:11)
  A lemure (D:6)
  8 big kobolds
  A gnoll sergeant (D:5)
  5 bullfrogs
  2 water moccasin zombies (Ossuary)
  A scorpion (D:5)
  3 killer bees (D:7)
  3 howler monkeys
  3 orc priests
  2 hounds (D:4)
  A jelly (D:6)
  4 orc wizards (D:7)
  2 bullfrog skeletons
  2 centaur skeletons
  3 iguanas
  2 worker ants
  5 big kobold zombies (Ossuary)
  2 mummies (Ossuary)
  A howler monkey skeleton (D:5)
  8 gnolls
  6 adders
  2 white imps
  4 ufetubi
  An ooze (Sewer)
  7 adder zombies (Ossuary)
  An adder skeleton (D:4)
  5 worms
  4 dart slugs
  5 leopard geckos
  25 orcs
  6 giant cockroaches
  3 gnoll zombies
  8 hobgoblins
  14 jackals
  2 quokkas
  3 ball pythons (Sewer)
  13 bats
  4 frilled lizards (D:1)
  8 goblins
  4 hobgoblin zombies (Ossuary)
  A jackal skeleton (D:4)
  13 kobolds
  7 kobold zombies (Ossuary)
  A leopard gecko zombie (D:5)
  3 orc zombies (Ossuary)
  A quokka skeleton (D:5)
  11 rats
237 creatures vanquished.

Vanquished Creatures (collateral kills)
  An orc warrior (D:11)
  A centaur (D:11)
  A bullfrog (D:11)
  An orc (D:11)
4 creatures vanquished.

Vanquished Creatures (others)
  A fungus (D:3)
  8 plants
9 creatures vanquished.

Grand Total: 250 creatures vanquished

Notes
Turn   | Place    | Note
-------+----------+-------------------------------------------
     0 | D:1      | Arum the Formicid Fighter began the quest for the Orb.
     0 | D:1      | Reached XP level 1. HP: 18/18 MP: 1/1
   142 | D:1      | Reached XP level 2. HP: 24/24 MP: 2/2
   316 | D:1      | Reached XP level 3. HP: 28/29 MP: 3/3
   879 | D:2      | Reached XP level 4. HP: 26/37 MP: 4/4
  1005 | D:2      | Found a shimmering altar of Xom.
  1573 | D:3      | Found a runed translucent gate.
  1573 | D:3      | Found a runed translucent gate.
  1573 | D:3      | Found a runed translucent gate.
  1574 | D:3      | Noticed a big kobold
  1574 | D:3      | Noticed a big kobold
  1574 | D:3      | Identified the cursed +1 whip of Foneb {elec, Will+ Int+5}
  1574 | D:3      | Noticed tv1990's ghost (amateur FoMo)
  1597 | D:3      | Reached XP level 5. HP: 42/42 MP: 5/5
  1738 | D:3      | Noticed a bullfrog
  1744 | D:3      | Killed a bullfrog
  2070 | D:4      | Found a staircase to the Ecumenical Temple.
  2076 | Temple   | Entered the Ecumenical Temple
  2114 | Temple   | Became a worshipper of Makhleb the Destroyer
  2172 | D:4      | Reached XP level 6. HP: 41/48 MP: 6/6
  2197 | D:4      | Found a glowing drain.
  2267 | Sewer    | Entered a sewer
  2340 | Sewer    | Reached skill level 5 in Axes
  2340 | Sewer    | Reached skill level 1 in Dodging
  2340 | Sewer    | Reached XP level 7. HP: 39/54 MP: 7/7
  2486 | Sewer    | Reached * piety under Makhleb
  2744 | Sewer    | Reached skill level 5 in Armour
  2750 | Sewer    | Reached skill level 5 in Shields
  2761 | Sewer    | Reached skill level 5 in Fighting
  2761 | Sewer    | Reached XP level 8. HP: 41/62 MP: 8/8
  3605 | D:4      | Found a basalt altar of Yredelemnul.
  3679 | D:5      | Entered Level 5 of the Dungeon
  4248 | D:5      | Noticed Menkaure
  4311 | D:5      | Killed Menkaure
  4312 | D:5      | Reached XP level 9. HP: 13/71 MP: 9/9
  4589 | D:5      | Noticed Sigmund
  4609 | D:5      | Killed Sigmund
  4900 | D:6      | Reached ** piety under Makhleb
  5220 | D:6      | Noticed Pikel
  5250 | D:5      | Killed Pikel
  5291 | D:6      | Noticed Grinder
  5320 | D:6      | Killed Grinder
  5656 | D:6      | Found an opulent altar of Gozag.
  5738 | D:6      | Reached XP level 10. HP: 78/80 MP: 10/10
  6026 | D:7      | Found a sand-covered staircase.
  6039 | Ossuary  | Entered an ossuary
  6100 | Ossuary  | Reached *** piety under Makhleb
  7116 | D:7      | HP: 3/83 [hornet zombie (7)]
  7470 | D:7      | Noticed a moth of wrath
  7475 | D:7      | Found a bloodstained altar of Trog.
  7544 | D:7      | Killed a moth of wrath
  7545 | D:7      | Reached skill level 1 in Invocations
  7759 | D:7      | Identified the Collected Works on Doomed Conjuration
  7873 | D:8      | You fall into a shaft and drop 3 floors!
  7936 | D:11     | Noticed a kobold demonologist
  7938 | D:11     | Noticed a six-headed hydra
  7944 | D:11     | Killed a kobold demonologist
  7971 | D:11     | HP: 4/85 [centaur/arrow (12)]
  7983 | D:11     | HP: 1/85 [water moccasin (5)]
  7985 | D:11     | Mangled by a six-headed hydra

Illustrated notes

Levels and vault maps discovered:
D:1:      dpeg_arrival_fog, layout_basic, minmay_misc_feat_iff
D:2:      layout_rooms, xom_butterflies
D:3:      layout_loops_ring, gammafunk_ghost_nasty_kobolds
D:4:      layout_loops_cross, lemuel_zombie_altar_yredelemnul,
          minmay_temple_entry_hall, gup_sewer_entry_pipe
D:5:      layout_basic, uniq_sigmund, uniq_menkaure
D:6:      layout_cave_pools, grunt_gozag_statues, uniq_pikel, uniq_grinder
D:7:      layout_loops_cross, lightli_ossuary_entry_decrepit_ruins, tgw_trog
D:8:      layout_gridville, nicolae_dithmenos_shadow_blocks,
          makhleb_blood_cavern_becter
D:11:     layout_long_grid, minmay_orc_entry_temple_small,
          gauntlet_entry_generic, serial_shops, shop, wad_scary_box
Temple:   nicolae_temple_x_marks_the_god

Skill      XL: |  1  2  3  4  5  6  7  8  9 10 |
---------------+-------------------------------+-----
Shields        | 4 5 7 8 9 |  9.0
Armour         | 4 5 |  5.5
Axes           | 3 5 6 8 9 |  9.6
Fighting       | 4 5 6 8 9 |  9.8
Dodging        | 1 |  1.1
Invocations    | 2 |  2.3
Stealth        | |  0.2

Action                   |  1- 3 |  4- 6 |  7- 9 | 10-12 || total
-------------------------+-------+-------+-------+-------++-------
Melee: War axe           |     9 |       |       |       ||     9
       Hand axe          |    70 |   130 |   359 |   298 ||   857
Invok: Minor Destruction |       |       |       |     3 ||     3
       Lesser Servant of |       |       |       |     2 ||     2
 Abil: Dig               |       |     1 |     3 |     3 ||     7
Evoke: Wand              |       |       |     6 |     6 ||    12
  Use: Scroll            |       |     3 |       |     2 ||     5
       Potion            |       |       |       |     5 ||     5
 Stab: Confused          |       |       |       |     2 ||     2
Armor: Scale mail        |    33 |    47 |    94 |    66 ||   240
Dodge: Dodged            |    17 |    45 |    93 |    84 ||   239
Block: Kite shield       |    40 |    81 |   173 |   129 ||   423
